 Dungeon Crawl Stone Soup version 0.28.0-43-g3370ac3207 (webtiles) character file.

Game seed: 16684121094592704086

55 Ablot the Grasshopper (level 3, -5/31 HPs)
             Began as a Gnoll Warper on Mar 3, 2022.
             Was a Follower of Elyvilon.
             Slain by a phantom (6 damage)
             ... on level 3 of the Dungeon.
             The game lasted 00:03:56 (2685 turns).

Ablot the Grasshopper (Gnoll Warper)                Turns: 2685, Time: 00:03:57

Health: -5/31      AC:  4    Str: 12    XL:     3   Next: 93%
Magic:  3/9        EV: 12    Int: 12    God:    Elyvilon [*.....]
Gold:   130        SH:  5    Dex: 11    Spells: 10/12 levels left

rFire   . . .      SeeInvis .   a - +0 spear
rCold   . . .      Faith    .   (no shield)
rNeg    . . .      Spirit   .   b - +0 leather armour
rPois   .          Reflect  +   (no helmet)
rElec   .          Harm     .   (no cloak)
rCorr   +          Rampage  .   e - +0 pair of gloves
Will    .....                   (no boots)
Stlth   +.........              i - amulet of reflection
HPRegen 0.10/turn               m - ring of resist corrosion
MPRegen 0.11/turn               (no ring)

@: on blink cooldown
A: fangs 1, strong nose, distributed training
a: Renounce Religion, Purification


You were on level 3 of the Dungeon.
You worshipped Elyvilon.
Elyvilon was aware of your devotion.
You visited 1 branch of the dungeon, and saw 3 of its levels.

You collected 130 gold pieces.

Inventory:

Hand Weapons
 a - a +0 spear (weapon)
Missiles
 d - 5 boomerangs of dispersal
 f - 79 arrows
 j - 58 stones
 n - 7 boomerangs (quivered)
 s - 7 poisoned darts
Armour
 b - a +0 leather armour (worn)
 e - a +0 pair of gloves (worn)
Jewellery
 i - an amulet of reflection (around neck)
 m - a ring of resist corrosion (left hand)
Scrolls
 c - a scroll of blinking
 g - a scroll of enchant weapon {unknown}
 k - a scroll of noise {unknown}
 l - a scroll of acquirement {unknown}
 o - a scroll of identify {unknown}
 p - a scroll of enchant armour {unknown}
 q - 2 scrolls of fear {unknown}
 t - a scroll of vulnerability {unknown}
Potions
 h - 2 potions of flight {unknown}
 r - a potion of attraction {unknown}


   Skills:
 + Level 4.6 Fighting
 + Level 1.0 Short Blades
 + Level 1.0 Long Blades
 + Level 1.0 Axes
 + Level 1.0 Maces & Flails
 + Level 4.6 Polearms
 + Level 1.0 Staves
 + Level 1.0 Slings
 + Level 1.0 Bows
 + Level 1.0 Crossbows
 + Level 2.6 Throwing
 + Level 2.6 Armour
 + Level 4.6 Dodging
 + Level 1.0 Stealth
 + Level 1.0 Shields
 + Level 1.0 Unarmed Combat
 + Level 5.0 Spellcasting
 + Level 0.7 Conjurations
 + Level 0.7 Hexes
 + Level 0.7 Summonings
 + Level 0.7 Necromancy
 + Level 5.4 Translocations
 + Level 0.7 Transmutations
 + Level 0.7 Fire Magic
 + Level 0.7 Ice Magic
 + Level 0.7 Air Magic
 + Level 0.7 Earth Magic
 + Level 0.7 Poison Magic
 + Level 1.0 Invocations
 + Level 1.0 Evocations


You had 10 spell levels left.
You knew the following spells:

 Your Spells              Type           Power      Damage    Failure   Level
a - Blink                 Tloc           32%        N/A       4%          2

Your spell library contained the following spells:

 Spells                   Type           Power      Damage    Failure   Level
 Gell's Gravitas          Tloc           16%        N/A       9%          3
 Lesser Beckoning         Tloc           16%        N/A       9%          3
 Teleport Other           Tloc           16%        N/A       9%          3
 Manifold Assault         Tloc           16%        N/A       58%         5


Dungeon Overview and Level Annotations

Branches:
Dungeon (3/15)

Altars:
Elyvilon

Annotations:
D:2 1 runed translucent door, 1 exclusion


Innate Abilities, Weirdness & Mutations

You have very sharp teeth.
Your uncanny sense of smell can sniff out nearby items.
Your experience applies equally to all skills.


Message History

Reach: a) +0 spear
Press: ? - help, Dir - move target, f/p - phantom
Aim: a phantom (translocational energy, severely damaged, about 47% to evade your +0 spear)
You reach to attack!
You hit the phantom.
The phantom is almost destroyed.
Unknown command.
You barely miss the phantom.
The phantom is almost destroyed.
The phantom closely misses you.
You hit the phantom.
The phantom is almost destroyed.
You feel stable enough to blink again. The phantom hits you.
* * * LOW HITPOINT WARNING * * *
You barely miss the phantom.
The phantom is almost destroyed.
The phantom hits you.
* * * LOW HITPOINT WARNING * * *
Unknown command.
Casting: Blink (safe; 4% risk of failure)
Confirm with . or Enter, or press ? or * to list all spells.
You blink.
Throw: 7 boomerangs
Press: ? - help, Q - select action, (/) - cycle Shift-Dir - straight line, f/p - phantom
Aim: a phantom (almost destroyed, 48% to hit)
You throw a boomerang.
The boomerang closely misses the phantom.
Unknown command.
Throw: 7 boomerangs
Press: ? - help, Q - select action, (/) - cycle Shift-Dir - straight line, f/p - phantom
Aim: a phantom (almost destroyed, 48% to hit)
You throw a boomerang.
The boomerang barely misses the phantom.
Unknown command.
Throw: 7 boomerangs
Press: ? - help, Q - select action, (/) - cycle Shift-Dir - straight line, f/p - phantom
Aim: a phantom (almost destroyed, 48% to hit)
You throw a boomerang. The boomerang misses the phantom.
The phantom hits you.
You die...

.....# #.....#
#...# ###.###
##'# #.#
#.#######.#
#.......#.#
##.......#.#
..#..).......#
#..........###
#......@W..#
#.##.#####.#


You could see a phantom.

Vanquished Creatures
  An adder (D:3)
  2 worms
  4 dart slugs
  2 orcs
  3 ball pythons
  4 bats
  3 endoplasms
  2 goblins
  2 hobgoblins
  A quokka (D:2)
  A frilled lizard (D:2)
  3 kobolds
  A rat (D:2)
29 creatures vanquished.

Notes
Turn   | Place    | Note
-------+----------+-------------------------------------------
     0 | D:1      | Ablot the Gnoll Warper began the quest for the Orb.
     0 | D:1      | Reached XP level 1. HP: 20/20 MP: 6/6
   374 | D:1      | Reached XP level 2. HP: 26/26 MP: 7/7
   377 | D:1      | Learned a level 2 spell: Blink
  1156 | D:2      | Found a white marble altar of Elyvilon.
  1162 | D:2      | Became a worshipper of Elyvilon the Healer
  1295 | D:2      | Found a faded altar of an unknown god.
  1325 | D:2      | Found a runed translucent door.
  1575 | D:3      | Reached skill level 5 in Spellcasting
  1575 | D:3      | Reached XP level 3. HP: 4/31 MP: 5/9
  1861 | D:3      | Noticed an orc warrior
  2164 | D:3      | Reached skill level 1 in Invocations
  2489 | D:3      | Reached * piety under Elyvilon
  2530 | D:3      | Reached skill level 1 in Short Blades
  2530 | D:3      | Reached skill level 1 in Long Blades
  2530 | D:3      | Reached skill level 1 in Axes
  2530 | D:3      | Reached skill level 1 in Maces & Flails
  2530 | D:3      | Reached skill level 1 in Staves
  2530 | D:3      | Reached skill level 1 in Slings
  2530 | D:3      | Reached skill level 1 in Bows
  2530 | D:3      | Reached skill level 1 in Crossbows
  2530 | D:3      | Reached skill level 1 in Stealth
  2530 | D:3      | Reached skill level 1 in Shields
  2530 | D:3      | Reached skill level 1 in Unarmed Combat
  2530 | D:3      | Reached skill level 1 in Evocations
  2651 | D:3      | Noticed a phantom
  2681 | D:3      | HP: 1/31 [phantom (4)]
  2685 | D:3      | Slain by a phantom

Illustrated notes

Levels and vault maps discovered:
D:1:      heliophobic_arrival_glass_houses, layout_basic,
          nicolae_figureground_pulse
D:2:      layout_rooms, basic_altar, chequers_ecumenical_altar_twisty,
          uniq_crazy_yiuf_cottage
D:3:      layout_loops_corners, uniq_grinder

Skill      XL: |  1  2  3 |
---------------+----------+-----
Spellcasting   | 5 |  5.0
Invocations    | 1 |  1.0
Short Blades   | 1 |  1.0
Long Blades    | 1 |  1.0
Axes           | 1 |  1.0
Maces & Flails | 1 |  1.0
Staves         | 1 |  1.0
Slings         | 1 |  1.0
Bows           | 1 |  1.0
Crossbows      | 1 |  1.0
Stealth        | 1 |  1.0
Shields        | 1 |  1.0
Unarmed Combat | 1 |  1.0
Evocations     | 1 |  1.0
Fighting       | |  4.6
Polearms       | |  4.6
Throwing       | |  2.6
Armour         | |  2.6
Dodging        | |  4.6
Conjurations   | |  0.7
Hexes          | |  0.7
Summonings     | |  0.7
Necromancy     | |  0.7
Translocations | |  5.4
Transmutations | |  0.7
Fire Magic     | |  0.7
Ice Magic      | |  0.7
Air Magic      | |  0.7
Earth Magic    | |  0.7
Poison Magic   | |  0.7

Action                   || total
-------------------------++-------
Melee: Spear             ||   113
       Whip              ||    36
       Bite              ||    13
       Punch             ||     1
Throw: Boomerang         ||    23
 Cast: Blink             ||    11
 Stab: Sleeping          ||     2
Armor: Leather armour    ||    20
Dodge: Dodged            ||    68
Block: Other             ||    28
       Reflection        ||     1
